tourhack, neutral male human Tourist --------- --------------------------------- |.......| +................................## #.<......| | ----....-----.----+--..-----..| # |.......| ----.|...|.-(.| |..|(.(|..| ### |.......| |.|._.|.|..| |..|(.(|..| # |.......| |.|...-)---| --.|...|..| ##########........| | |.|...|....+ |.-|---..| --.------ ..{ +--.----|....| |.)......| # |..........+ -+--.-----..-----.| | -+.-..| |........+ |.| |...q----- --|--....| |.| |..|.@.](| |...|---.- -.| ----f|?@)| |...| +.. . ...|..!| |...| |... .| -....----- ----- -..... .| ..... .......| -a.--- --------- tourhack the Sightseer Experience level: 5 Strength: 14 Dexterity: 9 Constitution: 17 Intelligence: 12 Wisdom: 10 Charisma: 16 Health: 0(38) Energy: 18(18) Def: 2 Gold: 0 Moves: 3259 Dungeon seed: W6rrt2-49p6O2JDt Game ID: tourhack_1459256111 Your Inventory: Weapons a - 47 uncursed +2 darts (in quiver) z - an uncursed +0 dwarvish short sword P - a blessed +0 dwarvish short sword R - 4 blessed +0 daggers T - 3 uncursed +0 elven daggers Armor e - an uncursed +0 Hawaiian shirt (being worn) n - an uncursed +0 dwarvish cloak q - an uncursed +0 pair of iron shoes x - a blessed +0 dwarvish cloak (being worn) y - a blessed +2 pair of iron shoes A - an uncursed +0 dwarvish cloak N - an uncursed +0 dwarvish iron helm (being worn) Comestibles c - 2 uncursed food rations d - an uncursed banana f - 3 uncursed tripe rations g - 3 uncursed eggs h - 2 uncursed cherries s - an uncursed lizard corpse O - 2 uncursed sprigs of wolfsbane Wands Q - an uncursed wand of death (0:7) S - an uncursed wand of locking (0:7) U - an uncursed wand of magic missile (0:8) V - an uncursed wand of magic missile (0:1) Tools k - an uncursed expensive camera (0:61) v - an uncursed skeleton key w - an uncursed leash (in use) B - an uncursed sack H - an uncursed oilskin sack L - an uncursed magic lamp Z - an uncursed towel Contents of the sack: 2610 gold pieces a cursed scroll of create monster an uncursed scroll of food detection 2 uncursed scrolls of light an uncursed spellbook of identify an uncursed spellbook of invisibility Contents of the oilskin sack: an uncursed +0 dwarvish mattock Spells and supernatural/magical abilities: Name Level Category Fail Memory W - pray for help -- divine ? -- Your skills at the end: Miscellaneous Skills wands [Basic] Weapon Skills dart [Basic] Spellcasting Skills Final Attributes: You were devoutly aligned. You are dead. Vanquished creatures: a lizard a gnome king a soldier ant a shrieker 3 gnome lords 3 gnomish wizards a red naga hatchling a giant ant 2 dwarves an iguana 2 rothes a monkey a werejackal 3 hobbits a large kobold 3 geckos a hobgoblin 3 cave spiders 7 gnomes 2 garter snakes 5 jackals 5 newts 2 goblins 4 grid bugs 2 bats 4 lichens 2 kobold zombies 63 creatures vanquished. Voluntary challenges: You did not adorn yourself with jewelry or accessories. You had been an atheist until turn 1846. You used a wielded weapon 28 times, starting on turn 799. You did not apply a unicorn horn. You read items or engraved 4 times, starting on turn 2908. You never genocided any monsters. You never polymorphed an object. You never changed form. You used no wishes. You never split a pudding. You wrote Elbereth's name 4 times, starting on turn 2908. You never violated your personal moral code. Dungeon overview: The Dungeons of Doom: levels 1 to 6 Level 1 a long staircase Level 2 a fountain stairs to The Gnomish Mines Level 3 a jewelry store, some fountains Level 4 Level 5 an altar to The Lady Level 6 The Gnomish Mines: levels 3 to 6 Level 3 stairs to The Dungeons of Doom Level 4 Level 5 Level 6 <- You were here some shops, a temple to Blind Io, a magic chest, a fountain History has recorded: On T:1 you entered the Dungeons of Doom to retrieve the Amulet of Yendor! On T:605 you reached level 2 of The Dungeons of Doom. On T:803 you advanced to experience level 2. On T:812 you reached level 1 of The Gnomish Mines. On T:836 you advanced to experience level 3. On T:854 you advanced to experience level 4. On T:1181 you reached level 3 of The Dungeons of Doom. On T:1205 you reached level 4 of The Dungeons of Doom. On T:1595 you reached level 5 of The Dungeons of Doom. On T:1967 you reached level 6 of The Dungeons of Doom. On T:2429 you reached level 2 of The Gnomish Mines. On T:2590 you advanced to experience level 5. On T:2595 you reached level 3 of The Gnomish Mines. On T:2753 you reached level 4 of The Gnomish Mines. On T:3084 you entered the Minetown temple On T:3115 you opened a magic chest. On T:3118 you opened a magic chest. On T:3118 you opened a magic chest. On T:3121 you opened a magic chest. On T:3124 you opened a magic chest. On T:3125 you opened a magic chest. On T:3126 you opened a magic chest. Score breakdown: Gold: 1817 ( 181 points) Experience: 5 levels ( 400 points) Exploration: 6 levels ( 150 points) Discoveries: 9 items ( 450 points) Variety of kills: 27 monsters ( 1350 points) Major goal: reached Minetown ( 500 points) Survival: died (score multiplied by 3) Total score: 9093 Latest messages: U - a wand of magic missile. You put a cursed violet gem into the magic chest. "Aloha, tourhack! Welcome again to Phraates' general store!" Something is written here in the dust. You read: "Elbe? th". The rothe claws you! The rothe bites! (2x) You die... Phraates gratefully inherits all your possessions. Final status: Aloha tourhack the Tourist, killed by a rothe... You died in The Gnomish Mines on dungeon level 6 with 9093 points, and 2610 pieces of gold, after 3259 moves. You were level 5 with a maximum of 38 hit points when you died.